Map: Frozen Temple

Players

Pokebunny - Winner!

  • Race: Terran Terran
  • League: Grandmaster

SteAdfaSt

  • Race: Zerg Zerg
  • League: Grandmaster

VOD

Have the link to the VOD?

Description

Time

  • Played on: April 5, 2016, 10:12 p.m.
  • Length: 6:53
Show
View Real Time Build Order
Export as new Build Order

Pokebunny Terran - Winner!

Build Orders: Reaper Expand, MMM Bio 

Get SALT Encoding   

  12  0:00  SCV  
  13  0:12  SCV  
  14  0:19  Supply Depot  
  14  0:25  SCV  
  15  0:40  SCV  
  15  0:42  Barracks  
  16  0:46  Refinery  
  16  0:53  SCV  
  17  1:05  SCV  
  18  1:17  SCV  
  19  1:29  Reaper  
  19  1:30  Orbital Command  
  20  1:40  Command Center  
  20  1:49  Supply Depot  
  20  1:56  SCV  
  21  2:04  Barracks, Barracks Reactor  
  21  2:10  SCV  
  22  2:18  Barracks  
  22  2:25  SCV  
  23  2:36  Refinery  
  23  2:45  Marine x2  
  23  2:47  SCV  
  23  2:49  Factory  
  26  2:51  Orbital Command  
  26  2:53  Barracks Tech Lab  
  26  3:03  SCV  
  27  3:08  Marine x2  
  27  3:09  Marine  
  30  3:14  Stimpack  
  30  3:15  Marine  
  31  3:23  SCV x2  
  33  3:27  Marine  
  33  3:28  Marine  
  33  3:33  Marine x2  
  37  3:37  Starport  
  37  3:39  Factory Reactor  
  37  3:45  SCV x2  
  39  3:48  Marine  
  39  3:49  Marine  
  39  3:51  Marine  
  42  4:03  Marine  
  42  4:06  Marine x2, Supply Depot  
  42  4:09  SCV  
  46  4:16  Supply Depot  
  46  4:27  Marine x2, Medivac x2, SCV x2  
  54  4:33  Supply Depot  
  54  4:37  Marine  
  56  4:39  Barracks Reactor  
  56  4:43  SCV x2  
  57  4:50  Factory Tech Lab, Marine x2  
  59  4:58  Command Center  
  59  5:03  SCV x2  
  61  5:09  Marine x3  
  61  5:11  Supply Depot  
  64  5:17  Combat Shields  
  64  5:18  Marine x2  
  65  5:40  Medivac x2  
  69  5:47  Marine x4  
  73  5:54  Engineering Bay, SCV x2  
  73  5:55  Barracks, Refinery x2  
  73  5:56  Barracks  
  73  5:57  Engineering Bay  
  75  6:06  SCV x2  
  77  6:14  Orbital Command, Supply Depot, Bunker  
  77  6:18  SCV  
  81  6:35  SCV x2  
Show
View Real Time Build Order
Export as new Build Order

SteAdfaSt Zerg 

Build Orders: Hatch First 

Get SALT Encoding   

  12  0:00  Drone  
  13  0:12  Overlord  
  13  0:17  Drone  
  14  0:31  Drone x2  
  16  0:36  Drone  
  17  0:52  Hatchery  
  17  0:57  Drone  
  17  0:58  Drone  
  17  1:01  Extractor  
  17  1:13  Spawning Pool  
  17  1:17  Drone  
  17  1:19  Drone  
  18  1:29  Drone  
  19  1:40  Drone  
  20  1:50  Drone  
  21  2:01  Overlord  
  21  2:04  Queen x2  
  21  2:05  Zergling x2  
  21  2:07  Metabolic Boost  
  26  2:13  Zergling x2  
  27  2:16  Zergling x2  
  28  2:28  Drone x2  
  29  2:37  Drone x2  
  29  2:43  Hatchery  
  30  2:48  Overlord  
  30  2:49  Drone  
  31  3:01  Zergling x4  
  33  3:08  Queen  
  33  3:10  Overlord, Drone  
  36  3:16  Drone  
  36  3:17  Drone x3  
  36  3:18  Drone  
  36  3:19  Drone  
  42  3:20  Drone  
  43  3:35  Queen  
  43  3:39  Overlord  
  43  3:40  Drone x3  
  48  3:53  Overlord, Drone x3  
  51  4:02  Queen  
  52  4:05  Overlord  
  52  4:06  Drone x3  
  52  4:07  Drone x2  
  52  4:09  Extractor  
  56  4:10  Extractor  
  56  4:14  Overlord  
  56  4:16  Overlord  
  55  4:20  Drone  
  56  4:31  Drone x9  
  57  4:37  Drone  
  57  4:38  Drone, Evolution Chamber x2  
  65  4:46  Drone  
  65  4:50  Queen  
  68  5:01  Zergling x2  
  68  5:02  Zergling x18  
  78  5:11  Drone, Baneling Nest, Overlord  
  77  5:14  Zergling x2  
  77  5:15  Zergling x4  
  64  5:40  Zergling x6  
  64  5:41  Zergling x16  
  71  5:46  Zergling x2  
  71  5:47  Queen  
  72  6:01  Baneling x5  
  72  6:02  Baneling x2  
  68  6:09  Drone x4  
  72  6:11  Extractor  
  65  6:30  Zergling x2  
  65  6:31  Zergling x10  
Tags
 
Add a new tag
Caveats
  • Supply blocks, unpowered buildings, or Contaminate may cause inaccurate times.
  • Supply counts are checked every 10 seconds.